 Dungeon Crawl Stone Soup version 0.22.1-1-ga44c0e56f4 (webtiles) character file.

50 Jynx the Changer (level 3, -4/28 HPs)
             Began as a Draconian Transmuter on Oct 22, 2018.
             Shot with an arrow by a centaur (12 damage)
             ... on level 3 of the Dungeon.
             The game lasted 00:03:24 (2413 turns).

Jynx the Changer (Draconian Transmuter)             Turns: 2413, Time: 00:03:24

Health: -4/28      AC:  5    Str: 12    XL:     3   Next: 55%
Magic:  6/6        EV: 12    Int: 14    God:
Gold:   125        SH:  0    Dex: 11    Spells: 1/7 levels left

rFire    . . .     SeeInvis .     - Unarmed
rCold    . . .     Gourm    .   (no shield)
rNeg     . . .     Faith    .   (armour unavailable)
rPois    .         Spirit   .   (helmet restricted)
rElec    .         Reflect  .   (no cloak)
rCorr    .         Harm     +   (no gloves)
MR       .....                  (no boots)
Stlth    +.........             l - amulet of harm
HPRegen  0.09/turn              f - ring of wizardry
MPRegen  0.10/turn              (no ring)

@: no status effects
A: unfitting armour, cold-blooded, AC +5
a: no special abilities


You were on level 3 of the Dungeon.
You were hungry.

You visited 1 branch of the dungeon, and saw 3 of its levels.

You collected 125 gold pieces.

Inventory:

Missiles
 a - 48 arrows
Jewellery
 f - a ring of wizardry (left hand)
 l - an amulet of harm (around neck)
Scrolls
 b - a scroll of teleportation {unknown}
 d - a scroll of identify
 e - a scroll of amnesia {unknown}
 g - 3 scrolls of blinking {unknown}
 h - a scroll of random uselessness {unknown}
 j - a scroll of enchant armour {unknown}
 k - a scroll of enchant weapon {unknown}
 n - a scroll of noise {unknown}
 o - a scroll of remove curse {unknown}
Potions
 i - a potion of lignification {unknown}
Comestibles
 c - 7 rations


   Skills:
 - Level 1.1 Fighting
 - Level 1.7 Dodging
 - Level 3.0 Unarmed Combat
 + Level 2.6 Spellcasting
 * Level 3.4 Transmutations


You had one spell level left.
You knew the following spells:

 Your Spells              Type           Power        Failure   Level  Hunger
a - Beastly Appendage     Tmut           ##....       2%          1    #......
b - Sticks to Snakes      Tmut           ##......     3%          2    ###....
c - Spider Form           Tmut/Pois      #.........   13%         3    ###....

Your spell library contained the following spells:

 Spells                   Type           Power        Failure   Level  Hunger
 Ice Form                 Ice/Tmut       #.......     38%         4    #####..
 Blade Hands              Tmut           ##........   50%         5    ######.


Dungeon Overview and Level Annotations

Branches:
Dungeon (3/15)

Altars:
Yredelemnul


Innate Abilities, Weirdness & Mutations

Your plain brown scales are hard. (AC +5)
You cannot fit into any form of body armour.
You are cold-blooded and may be slowed by cold attacks.


Message History

The goblin shouts!
The centaur shoots an arrow.
The arrow hits you.
You climb upwards.
There is a stone staircase leading down here.
You start resting.
You are feeling hungry.
You start resting.
HP restored.
You climb downwards.
You hear the sound of rushing water.
There is an entrance to a sewer on this level.
Hurry and find it before the You hear the rusting of a distant drain.
The centaur shoots an arrow.
The arrow hits you! The goblin hits you with a dagger.
The goblin barely misses you.
There is a stone staircase leading up, spattered with blood here.
You see here 3 arrows.
The centaur shoots an arrow.
The arrow hits you.
* * * LOW HITPOINT WARNING * * *
The goblin misses you.
The centaur shoots an arrow.
The arrow hits you!
You die...

#+##
#...##
##.....##
##.......#
#...c.....
+.........
#g........
#@......#
##.....##
#...##
#+##


You could see a centaur and a goblin.

Vanquished Creatures
  2 adders (D:2)
  An ooze (D:1)
  A worm (D:2)
  A leopard gecko (D:1)
  3 bats
  2 giant cockroaches
  2 goblins (D:1)
  6 hobgoblins
  3 kobolds
  A frilled lizard (D:2)
  2 rats
24 creatures vanquished.

Notes
Turn   | Place    | Note
-------+----------+-------------------------------------------
     0 | D:1      | Jynx the Draconian Transmuter began the quest for the Orb.
     0 | D:1      | Reached XP level 1. HP: 16/16 MP: 3/3
   365 | D:1      | Reached XP level 2. HP: 10/23 MP: 1/5
  1429 | D:2      | Learned a level 2 spell: Sticks to Snakes
  1488 | D:2      | Found a basalt altar of Yredelemnul.
  1623 | D:2      | Reached XP level 3. HP: 28/28 MP: 4/6
  2192 | D:2      | Learned a level 3 spell: Spider Form
  2213 | D:3      | Noticed a centaur
  2413 | D:3      | Shot with an arrow by a centaur

Skill      XL: |  1  2 |
---------------+-------+-----
Transmutations | 3 |  3.4
Fighting       | |  1.1
Dodging        | |  1.7
Unarmed Combat | |  3.0
Spellcasting   | |  2.6

Action                   || total
-------------------------++-------
Melee: Unarmed           ||    95
       Tailslap          ||    11
       Headbutt          ||     5
       Kick              ||     5
       Punch             ||     1
 Cast: Beastly Appendage ||    17
  Use: Scroll            ||     2
  Eat: Chunk             ||     4
Armor: Skin              ||    24
Dodge: Dodged            ||    54
